 Dungeon Sprint DCSS version 0.27-a0-1545-g3eddc1d3d3 (webtiles) character file.

Game seed: 14744476327762799061

1462 GenialerGandalf the Cleaver (level 8, -3/124 HPs)
             Began as a Minotaur Fighter on July 13, 2021.
             Slain by a demonic crawler (6 damage)
             ... in the Dungeon (Sprint I: "Red Sonja").
             The game lasted 00:02:48 (1006 turns).

GenialerGandalf the Cleaver (Minotaur Fighter)      Turns: 1006, Time: 00:02:50

Health: -3/124     AC:  8    Str: 22    XL:     8   Next: 48%
Magic:  7/7        EV: 10    Int:  5    God:
Gold:   405        SH: 12    Dex: 11    Spells: 7/7 levels left

rFire    . . .     SeeInvis .   a - +0 war axe
rCold    . . .     Faith    .   c - +0 kite shield
rNeg     . . .     Spirit   .   b - +0 scale mail
rPois    .         Reflect  .   (helmet restricted)
rElec    .         Harm     .   (no cloak)
rCorr    .         Rampage  .   (no gloves)
Will     .....     NoTele   +   (no boots)
Stlth    ..........             (no amulet)
HPRegen  0.30/turn              (no ring)
MPRegen  0.10/turn              (no ring)

@: berserking (expiring), very quick
A: horns 2, retaliatory headbutt
a: no special abilities


You were in the Dungeon.
You visited 1 branch You collected 405 gold pieces.

Inventory:

Hand Weapons
 a - a +0 war axe (weapon)
Armour
 b - a +0 scale mail (worn)
 c - a +0 kite shield (worn)
Scrolls
 d - a scroll of identify {unknown}
 j - a scroll of blinking
Potions
 e - a potion of curing
 f - a potion of heal wounds
 g - a potion of haste
 h - 2 potions of magic
 k - a potion of lignification {unknown}


   Skills:
 + Level 11.8 Fighting
 + Level 12.6 Axes
 + Level 10.4 Armour
 + Level 3.4 Dodging
 + Level 0.5 Stealth
 + Level 11.1 Shields


You had 7 spell levels left.
You didn't know any spells.
Your spell library was empty.

Dungeon Overview and Level Annotations

Branches:
Dungeon (1/1)

Altars:
Cheibriados
Dithmenos
Elyvilon
Fedhas
Gozag
Hepliaklqana
Kikubaaqudgha
Makhleb
Okawaru
Qazlal
Ru
Sif Muna
Trog
Uskayaw
Vehumet
Wu Jian
Xom
Yredelemnul
Zin
The Shining One
Jiyva
Lugonu

Shops:
D *


Innate Abilities, Weirdness & Mutations

You have a pair of horns on your head.
You reflexively headbutt those who attack you in melee.


Message History

The demonic crawler completely misses you.
You block the demonic crawler's attack. The demonic crawler hits you. x2
The demonic crawler hits you!
* * * LOW HITPOINT WARNING * * *
The demonic crawler hits you.
* * * LOW HITPOINT WARNING * * *
The demonic crawler hits you but does no damage.
The demonic crawler barely misses you.
You hit the demonic crawler but do no damage.
You headbutt the demonic crawler.
The demonic crawler is moderately wounded.
You barely miss the demonic crawler. You slash the demonic crawler!
The demonic crawler hits you.
* * * LOW HITPOINT WARNING * * *
You block the demonic crawler's attack. x2; The demonic crawler hits you.
* * * LOW HITPOINT WARNING * * *
The demonic crawler closely misses you. You block the demonic crawler's attack.
The demonic crawler hits you.
* * * LOW HITPOINT WARNING * * *
The demonic crawler hits you.
* * * LOW HITPOINT WARNING * * *
The demonic crawler hits you but does no damage.
You slash the demonic crawler! You headbutt the demonic crawler!
The demonic crawler is heavily wounded.
Your shield and scale mail prevent you from hitting the demonic crawler.
You slash the demonic crawler! The demonic crawler hits you.
* * * LOW HITPOINT WARNING * * *
You block the demonic crawler's attack.
The demonic crawler hits you but does no damage.
You block the demonic crawler's attack.
The demonic crawler barely misses you. x3
The demonic crawler hits you but does no damage.
The demonic crawler barely misses you.
You are too berserk!
The demonic crawler completely misses you.
The demonic crawler hits you.
* * * LOW HITPOINT WARNING * * *
The demonic crawler hits you.
* * * LOW HITPOINT WARNING * * *
The demonic crawler hits you.
You die...

####################
').#..'..#__#..)@s.#
#..').#..'^.'..#ss.#
##'#####'#__####...'..#
#..#...#.#### #####..+
####..##.# +##
___##'#_.+ ∩...'..._#
.__##_.#'# __ ##+#[#


You could see 3 demonic crawlers.

Vanquished Creatures
  2 kobold demonologists (D)
  A demonic crawler (D)
  A slime creature (D)
  Sigmund (D)
  A yak (D)
  A floating eye (D)
  An ogre (D)
  A jelly (D)
  Ijyb (D)
10 creatures vanquished.

Notes
Turn   | Place    | Note
-------+----------+-------------------------------------------
     0 | D        | GenialerGandalf the Minotaur Fighter began the quest for
                  | the Orb.
     0 | D        | Reached XP level 1. HP: 19/19 MP: 0/0
     2 | D        | Noticed Ijyb
    16 | D        | Killed Ijyb
    17 | D        | Reached skill level 5 in Fighting
    17 | D        | Reached skill level 3 in Axes
    17 | D        | Reached skill level 5 in Shields
    17 | D        | Reached XP level 2. HP: 25/29 MP: 1/1
    63 | D        | Noticed an ogre
    66 | D        | Killed an ogre
    67 | D        | Reached skill level 5 in Axes
    67 | D        | Reached skill level 1 in Dodging
    67 | D        | Reached XP level 3. HP: 16/38 MP: 2/2
    67 | D        | Reached XP level 4. HP: 19/45 MP: 3/3
   246 | D        | Noticed Sigmund
   251 | D        | Killed Sigmund
   252 | D        | Reached skill level 7 in Axes
   252 | D        | Reached XP level 5. HP: 56/56 MP: 4/4
   252 | D        | Reached XP level 6. HP: 62/62 MP: 5/5
   263 | D        | Found an ornate altar of the Wu Jian Council.
   263 | D        | Found a shimmering blue altar of Sif Muna.
   265 | D        | Found a radiant altar of Vehumet.
   274 | D        | Found Yllu's General Store.
   274 | D        | Found an ancient bone altar of Kikubaaqudgha.
   274 | D        | Found a hazy altar of Hepliaklqana.
   274 | D        | Found a stormy altar of Qazlal.
   274 | D        | Found a hide-covered altar of Uskayaw.
   274 | D        | Found a blossoming altar of Fedhas.
   274 | D        | Found a bloodstained altar of Trog.
   274 | D        | Found an iron altar of Okawaru.
   274 | D        | Found a basalt altar of Yredelemnul.
   274 | D        | Found a glowing golden altar of the Shining One.
   274 | D        | Found a snail-covered altar of Cheibriados.
   274 | D        | Found a sacrificial altar of Ru.
   274 | D        | Found a glowing silver altar of Zin.
   274 | D        | Found a shadowy altar of Dithmenos.
   274 | D        | Found a white marble altar of Elyvilon.
   274 | D        | Noticed a yak
   279 | D        | Killed a yak
   280 | D        | Reached skill level 8 in Axes
   290 | D        | Found an opulent altar of Gozag.
   384 | D        | Found a burning altar of Makhleb.
   384 | D        | Found a viscous altar of Jiyva.
   384 | D        | Found a shimmering altar of Xom.
   384 | D        | Found a corrupted altar of Lugonu.
   384 | D        | Noticed a slime creature
   394 | D        | Killed a slime creature
   395 | D        | Reached skill level 10 in Fighting
   395 | D        | Reached skill level 9 in Axes
   395 | D        | Reached skill level 10 in Shields
   395 | D        | Reached XP level 7. HP: 12/73 MP: 6/6
   695 | D        | Noticed a kobold demonologist
   698 | D        | Reached skill level 10 in Axes
   700 | D        | Noticed a smoke demon
   703 | D        | Noticed a kobold demonologist
   707 | D        | Killed a kobold demonologist
   708 | D        | Reached skill level 11 in Axes
   708 | D        | Reached skill level 10 in Armour
   714 | D        | Killed a kobold demonologist
   715 | D        | Reached XP level 8. HP: 18/82 MP: 7/7
   992 | D        | Noticed a demonic crawler
   992 | D        | Noticed a demonic crawler
   992 | D        | Noticed a demonic crawler
   992 | D        | Noticed a demonic crawler
   999 | D        | Killed a demonic crawler
  1000 | D        | Reached skill level 12 in Axes
  1006 | D        | HP: 3/124 [demonic crawler (5)]
  1006 | D        | Slain by a demonic crawler

Illustrated notes

Levels and vault maps discovered:
D:        dungeon_sprint_1 [red_sonja_temple_1, red_sonja_temple_small_1]

Skill      XL: |  1  2  3  4  5  6  7  8 |
---------------+-------------------------+-----
Fighting       | 5 6 8 10 11 | 11.8
Axes           | 3 5 7 9 11 12 | 12.6
Armour         | 4 6 8 9 10 | 10.4
Shields        | 5 6 8 10 11 | 11.1
Dodging        | 1 2 3 |  3.4
Stealth        | |  0.5

Action                   |  1- 3 |  4- 6 |  7- 9 || total
-------------------------+-------+-------+-------++-------
Melee: War axe           |    14 |    20 |    26 ||    60
       Headbutt          |     5 |     6 |     7 ||    18
  Use: Potion            |       |     1 |     1 ||     2
Armor: Scale mail        |     3 |     3 |    26 ||    32
Dodge: Dodged            |     3 |     4 |    25 ||    32
Block: Kite shield       |     9 |    10 |    29 ||    48

Table legend: (Time is in decaauts)
 A = Elapsed time spent in this place.
 B = Non-inter-level travel time spent in this place.
 C = Inter-level travel time spent in this place.
 D = Time resting spent in this place.
 E = Time spent auto-exploring this place.
 F = Levels seen in this place.
 G = Mean time per level.
                   A        B        C        D        E       F      G
               +--------+--------+--------+--------+--------+-----+--------+
         Total |   1016 |   1016 |      0 |    816 |      0 |   1 | 1016.0 |
       Dungeon |   1016 |   1016 |      0 |    816 |      0 |   1 | 1016.0 |
               +--------+--------+--------+--------+--------+-----+--------+

Top non-repeatable levels by time:
       D: 1016 daAuts
